 Dungeon Crawl Stone Soup version 0.30.0 (webtiles) character file.

Game seed: 7849351514041283300

5485 mdonais the Arsonist (level 10, -9/83 HPs)
             Began as a Yellow Draconian Cinder Acolyte on May 5, 2023.
             Was an Initiate of Vehumet.
             Mangled by a fire elemental (10 damage)
             ... created by the fiery vengeance of Ignis
             ... on level 8 of the Dungeon.
             The game lasted 00:36:44 (11084 turns).

mdonais the Arsonist (DrCA)                        Turns: 11084, Time: 00:36:44

Health: -9/83      AC: 13    Str: 16    XL:     10   Next: 42%
Magic:  2/20       EV: 12    Int: 19    God:    Vehumet [......]
Gold:   629        SH:  0    Dex:  7    Spells: 9/23 levels left

rFire   . . .        K - +4 quarterstaff (chaos)
rCold   x . .        (shield currently unavailable)
rNeg    . . .        (body armour unavailable)
rPois   .            (helmet restricted)
rElec   .            J - +0 cloak
rCorr   +            h - +0 pair of gloves
SInv    .            (no boots)
Will    .....        r - amulet of regeneration
Stlth   +            o - ring of fire
HPRegen 1.13/turn    v - +4 ring of protection
MPRegen 0.17/turn

%: no passive effects
@: short of breath, hasted, fire susceptible, very quick
A: spit acid, AC +7, unfitting armour, cold-blooded, acid resistance
a: Breathe Acid, Renounce Religion


You were on level 8 of the Dungeon.
You worshipped Vehumet.
Vehumet was noncommittal.
You visited 2 branches of the dungeon, and saw 9 of its levels.
You also visited: Bailey.

You collected 629 gold pieces.

Inventory:

Hand Weapons
 a - a -1 falchion of flaming
 p - a +0 sling
   (You found it on level 3 of the Dungeon)
 q - a +0 whip of electrocution
   (You took it off Pikel on level 5 of the Dungeon)
 K - a +4 quarterstaff of chaos (weapon)
   (You took it off Crazy Yiuf on level 6 of the Dungeon)
 N - a +2 sling of freezing
   (You took it off a spriggan in a bailey)
Missiles
 c - 22 poisoned darts (quivered)
 t - 6 boomerangs
 F - a curare-tipped dart
 Z - 2 throwing nets {=!f}
Armour
 h - a +0 pair of gloves (worn)
   (You found it on level 1 of the Dungeon)
 J - a +0 cloak (worn)
   (You took it off Crazy Yiuf on level 6 of the Dungeon)
Jewellery
 o - a ring of fire (left hand)
   (You found it on level 3 of the Dungeon)
 r - an amulet of regeneration (around neck)
   (You found it on level 3 of the Dungeon)
 v - a +4 ring of protection (right hand)
   (You found it on level 3 of the Dungeon)
 y - a +4 ring of slaying
   (You found it on level 8 of the Dungeon)
 C - a +6 ring of dexterity
   (You found it on level 5 of the Dungeon)
 G - a ring of ice
   (You found it on level 6 of the Dungeon)
 P - a ring of positive energy
   (You found it on level 8 of the Dungeon)
Wands
 A - a wand of acid (7)
   (You found it on level 5 of the Dungeon)
 I - a wand of iceblast (12)
   (You found it on level 6 of the Dungeon)
 L - a wand of mindburst (13)
   (You found it on level 7 of the Dungeon)
Scrolls
 b - 3 scrolls of butterflies
 e - a scroll of poison
 i - a scroll of amnesia
 k - 2 scrolls of immolation
 m - 2 scrolls of vulnerability
 s - 3 scrolls of enchant armour
 x - 3 scrolls of fog
 B - 2 scrolls of blinking
 D - a scroll of silence
 M - 2 scrolls of magic mapping
 R - a scroll of enchant weapon
Potions
 d - 2 potions of heal wounds {unknown}
 f - 2 potions of brilliance
 g - 2 potions of cancellation {unknown}
 j - a potion of lignification {unknown}
 l - a potion of ambrosia {unknown}
 n - 3 potions of mutation {unknown}
 u - 3 potions of curing {unknown}
 w - a potion of attraction {unknown}
 z - 2 potions of might {unknown}
 E - a potion of flight {unknown}
 O - 3 potions of invisibility
 Q - 2 potions of berserk rage {unknown}


   Skills:
 - Level 6.0 Fighting
 - Level 3.3 Long Blades
 - Level 3.0 Dodging
 + Level 7.1 Spellcasting
 + Level 8.2 Conjurations
 - Level 4.0 Translocations
 + Level 8.2 Fire Magic
 - Level 2.0 Evocations


You had 9 spell levels left.
You knew the following spells:

 Your Spells              Type           Power      Damage    Failure   Level
a - Scorch                Fire           100%       2d9       1%          2
b - Fireball              Conj/Fire      27%        3d12      10%         5
c - Volatile Blastmotes   Fire/Tloc      90%        2d17      2%          3
d - Iskenderun's Mystic   Conj/Tloc      30%        2d8       9%          4

Your spell library contained the following spells:

 Spells                   Type           Power      Damage    Failure   Level
 Foxfire                  Conj/Fire      100%       2x1d9     1%          1
 Dazzling Flash           Conj/Hex       44%        N/A       5%          3
 Freeze                   Ice            24%        1d4       10%         1
 Ignite Poison            Fire/Tmut/Pois 25%        N/A       10%         3
 Mephitic Cloud           Conj/Pois/Air  17%        N/A       10%         3
 Vhi's Electric Charge    Tloc/Air       28%        N/A       13%         3
 Cigotuvi's Dreadful Rot  Necr/Pois/Air  12%        N/A       16%         2
 Poisonous Vapours        Pois/Air       12%        N/A       16%         2
 Sublimation of Blood     Necr           6%         N/A       16%         2
 Wereblood                Tmut           6%         N/A       16%         2
 Arcjolt                  Conj/Air       11%        1d21      45%         5
 Starburst                Conj/Fire      27%        6d9       45%         6
 Freezing Cloud           Conj/Ice/Air   8%         6-21      65%         5
 Plasma Beam              Fire/Air       16%        2x1d30    96%         6
 Summon Hydra             Summ           3%         N/A       100%        7
 Maxwell's Capacitive Co  Air            3%         ∞         100%        8


Dungeon Overview and Level Annotations

Branches:
Dungeon (8/15) Zot: 26377  Temple (1/1) D:7 Zot: 5998  Bailey (visited)
   Lair: D:8-11

Altars:
Ashenzari
Cheibriados
Dithmenos
Elyvilon
Fedhas
Gozag
Hepliaklqana
Kikubaaqudgha
Makhleb
Nemelex Xobeh
Okawaru
Qazlal
Sif Muna
Trog
Uskayaw
Vehumet
Wu Jian
Xom
Yredelemnul
Zin
The Shining One


Innate Abilities, Weirdness & Mutations

You can spit globs of acid.
Your golden yellow scales are hard. (AC +7)
You cannot fit into any form of body armour.
You are cold-blooded and may be slowed by cold attacks.
You are resistant to acid. (rCorr)


Message History

You feel sick.
You feel sick.
You start resting.
You feel sick. x2
You are no longer poisoned.
You start resting.
A kobold brigand is nearby!
You regained 5 hp, and now have 81/83 hp.
Casting: Scorch (safe; 1% risk of failure)
Confirm with . or Enter, or press ? or * to list all spells.
You feel a surge of power!
Flames lash the kobold brigand.
The kobold brigand is moderately wounded.
The kobold brigand's fire resistance burns away.
You now have 10/20 mp.
Casting: Scorch (safe; 1% risk of failure)
Confirm with . or Enter, or press ? or * to list all spells.
You feel a surge of power!
Flames lash the kobold brigand.
The kobold brigand is burned terribly!
You kill the kobold brigand!
Vehumet accepts your kill.
Health restored: 83 You now have 8/20 mp.
Casting: Scorch (safe; 1% risk of failure)
Confirm with . or Enter, or press ? or * to list all spells.
You can't see any susceptible monsters within range! (Use Z to cast anyway.)
You start resting.
A kobold comes into view. It is wielding a +0 club.
Casting: Scorch (safe; 1% risk of failure)
Confirm with . or Enter, or press ? or * to list all spells.
You feel a surge of power!
Flames lash the kobold.
You kill the kobold!
Vehumet accepts your kill.
You now have 7/20 mp.
Casting: Scorch (safe; 1% risk of failure)
Confirm with . or Enter, or press ? or * to list all spells.
You can't see any susceptible monsters within range! (Use Z to cast anyway.)
You start resting.
Ignis wails with rage, and rains down burning fury! 2 fire elementals come into view.
You regained 3 mp, and now have 10/20 mp.
Things that are here:
a +0 dagger; 7 poisoned darts
Press: ? - help, Shift-Dir - straight line, f - fire elemental
Aim: a fire elemental (durably summoned, 55% to hit)
You spit a glob of acid.
The glob of acid misses the fire elemental. x2
The fire elemental hits you. The fire elemental burns you!
You take 10 damage, and have 73/83 hp.
Casting: Scorch (safe; 1% risk of failure)
Confirm with . or Enter, or press ? or * to list all spells.
You miscast Iskenderun's Mystic Blast.
You are very lightly contaminated with residual magic.
You catch a glimpse of the back of your own head.
You are magically locked in place.
The fire elemental hits you. The fire elemental burns you!
The fire elemental closely misses you.
You take 4 damage, and have 69/83 hp.
You now have 7/20 mp.
Casting: Iskenderun's Mystic Blast (dangerous; 9% risk of failure)
Confirm with . or Enter, or press ? or * to list all spells.
You erupt in a blast of force!
The mystic blast hits the fire elemental.
The fire elemental is lightly damaged.
The mystic blast hits the fire elemental!
The fire elemental is moderately damaged.
The fire elemental is knocked back by the mystic blast.
You regained 2 hp, and now have 71/83 hp.
You now have 3/20 mp.
Casting: Iskenderun's Mystic Blast (dangerous; 9% risk of failure)
Confirm with . or Enter, or press ? or * to list all spells.
You don't have enough magic to cast this spell.
Casting: Iskenderun's Mystic Blast (dangerous; 9% risk of failure)
Confirm with . or Enter, or press ? or * to list all spells.
You don't have enough magic to cast this spell.
You closely miss the fire elemental.
Your tail-slap misses the fire elemental.
The fire elemental is moderately damaged.
The fire elemental misses you. The fire elemental barely misses you.
You hit the fire elemental but do no damage.
The fire elemental is lightly damaged.
You are no longer locked in place.
The fire elemental hits you. The fire elemental burns you!
You take 7 damage, and have 65/83 hp.
You barely miss the fire elemental. You tail-slap the fire elemental.
The fire elemental is moderately damaged.
The fire elemental hits you. The fire elemental burns you!
The fire elemental barely misses you.
You take 9 damage, and have 56/83 hp.
You hit the fire elemental but do no damage.
The fire elemental is unaffected.
The fire elemental is moderately damaged.
The fire elemental hits you. The fire elemental burns you!
The fire elemental misses you.
You take 7 damage, and have 49/83 hp.
You closely miss the fire elemental.
The fire elemental is moderately damaged.
The fire elemental hits you. The fire elemental burns you!
You take 1 damage, and have 48/83 hp.
Casting: Iskenderun's Mystic Blast (dangerous; 9% risk of failure)
Confirm with . or Enter, or press ? or * to list all spells.
You erupt in a blast of force!
The mystic blast hits the fire elemental!
The fire elemental is moderately damaged.
The fire elemental is knocked back by the mystic blast.
The mystic blast hits the fire elemental.
The fire elemental is heavily damaged.
The fire elemental hits you. The fire elemental burns you!
The fire elemental hits you. The fire elemental burns you!
You take 14 damage, and have 34/83 hp.
You now have 1/20 mp.
You sock the fire elemental!
The fire elemental suddenly seems more resistant.
The fire elemental is severely damaged.
The fire elemental barely misses you.
You hit the fire elemental but do no damage.
Nothing appears to happen.
Your tail-slap misses the fire elemental.
The fire elemental is severely damaged.
The fire elemental hits you. The fire elemental burns you!
* * * LOW HITPOINT WARNING * * *
The fire elemental closely misses you.
Your magical contamination has completely faded away.
You take 11 damage, and have 24/83 hp.
You barely miss the fire elemental.
You tail-slap the fire elemental, but do no damage.
The fire elemental is severely damaged.
The fire elemental barely misses you. x2
As you read the scroll labelled JUNIEQ ZOBISSA, it crumbles to dust.
It is a scroll of amnesia.
Really abort (and waste the scroll)? [Y]es or [N]o only, please.
Really abort (and waste the scroll)? [Y]es or [N]o only, please.
Really abort (and waste the scroll)?
Okay, then.
The fire elemental hits you. The fire elemental burns you!
* * * LOW HITPOINT WARNING * * *
You take 3 damage, and have 22/83 hp.
As you read the scroll labelled LIDAJAPOTZ, it crumbles to dust.
It is a scroll of enchant weapon.
Your +3 quarterstaff of chaos glows red for a moment.
The fire elemental hits you. The fire elemental burns you!
* * * LOW HITPOINT WARNING * * *
You take 11 damage, and have 11/83 hp.
Press: ? - help, v - describe, . - travel
Here: a fire elemental (severely damaged, durably summoned, unusually resistant)
The floor.
Unknown command.
Unknown command.
You feel yourself speed up. The fire elemental hits you.
The fire elemental burns you!
* * * LOW HITPOINT WARNING * * *
The fire elemental hits you. The fire elemental burns you!
You die...

.....# #))..K... #. ......
#.# #. ......##.# #.
.......>)### #.
........)○E# #. #.
.....##.#○☼☼☼# #. #. ....
+.E+..°...#...####. ...
##E#............... #
#######@#....###...####.
#.####.....#####.#.#+#.#.#.
#.#..+..........#.#.#.#.#.#
#.#.##....###......#.#.#.#.
#.................#.#.#.#.#
#..................#.#.#.#.
##.#...##.....##
#.#.#.#.#.#
#............... #.#.#.#.
####..#.#...........
#.#.#.#.#


You could see 2 fire elementals.

Vanquished Creatures
  A two-headed ogre (Bailey)
  Pikel (D:5)
  Grinder (D:6)
  A hornet (D:5)
  4 spriggans (Bailey)
  3 steam dragons
  Menkaure (D:6)
  Duvessa (D:7)
  An orc warrior (D:7)
  2 ice beasts
  A sky beast (D:7)
  A black bear (D:6)
  8 ogres
  2 phantoms
  A lemure (D:6)
  2 bullfrogs (D:8)
  3 kobold brigands
  5 scorpions
  Dowan (D:7)
  3 killer bees (D:7)
  3 orc priests
  2 gnoll boudas (D:5)
  Crazy Yiuf (D:6)
  2 hounds
  3 iguanas
  5 orc wizards
  12 gnolls
  10 adders
  A shadow imp (D:6)
  A worm (D:2)
  3 dart slugs
  22 orcs
  4 bats
  6 endoplasms
  5 giant cockroaches
  6 goblins
  8 hobgoblins
  6 jackals
  17 kobolds
  5 quokkas
  7 ball pythons
  A frilled lizard (D:2)
  2 rats
175 creatures vanquished.

Vanquished Creatures (others)
  A howler monkey (D:5)
  An orc priest (D:5)
  A gnoll (D:5)
  40 foxfires (Bailey)
  A fungus (D:3)
  A plant (D:3)
45 creatures vanquished.

Grand Total: 220 creatures vanquished

Notes
Turn   | Place    | Note
-------+----------+-------------------------------------------
     0 | D:1      | mdonais the Draconian Cinder Acolyte began the quest for
                  | the Orb.
     0 | D:1      | Reached XP level 1. HP: 19/19 MP: 2/2
   173 | D:1      | Reached XP level 2. HP: 25/26 MP: 3/3
   451 | D:1      | Learned a level 2 spell: Scorch
   660 | D:2      | Reached XP level 3. HP: 32/34 MP: 4/4
   939 | D:2      | Reached XP level 4. HP: 25/41 MP: 0/6
  2145 | D:3      | Reached XP level 5. HP: 47/47 MP: 1/8
  3023 | D:3      | Found a faded altar of an unknown god.
  3041 | D:3      | Got Plato's Textbook on Chilblains
  3061 | D:3      | Learned a level 5 spell: Fireball
  3063 | D:3      | Found a shimmering blue altar of Sif Muna.
  3348 | D:4      | Noticed a phantom
  3351 | D:4      | Killed a phantom
  3352 | D:4      | Reached XP level 6. HP: 49/53 MP: 3/11
  3636 | D:4      | Found a hazy altar of Hepliaklqana.
  3710 | D:4      | Reached skill level 5 in Fire Magic
  4279 | D:5      | Entered Level 5 of the Dungeon
  4369 | D:5      | Your scales start taking on a golden yellow colour.
  4369 | D:5      | Reached XP level 7. HP: 60/60 MP: 6/13
  4369 | D:5      | Gained mutation: You are resistant to acid. (rCorr) [Yellow
                  | Draconian growth]
  4379 | D:5      | Noticed a hornet
  4443 | D:5      | Killed a hornet
  4444 | D:5      | Reached skill level 5 in Spellcasting
  4450 | D:5      | Reached skill level 1 in Conjurations
  5389 | D:5      | Found a hide-covered altar of Uskayaw.
  5390 | D:5      | Found a burning altar of Makhleb.
  5392 | D:5      | Found a blossoming altar of Fedhas.
  5426 | D:5      | Found a shimmering altar of Xom.
  5434 | D:5      | Reached skill level 1 in Dodging
  5434 | D:5      | Reached XP level 8. HP: 67/67 MP: 6/15
  5437 | D:5      | Reached skill level 1 in Evocations
  5459 | D:5      | Reached skill level 5 in Fighting
  6012 | D:6      | Noticed Grinder
  6022 | D:6      | Killed Grinder
  6023 | D:6      | Reached skill level 5 in Conjurations
  6184 | D:6      | Found a basalt altar of Yredelemnul.
  6205 | D:6      | Noticed Menkaure
  6209 | D:6      | Killed Menkaure
  6437 | D:6      | Found a shadowy altar of Dithmenos.
  6660 | D:6      | Learned a level 3 spell: Volatile Blastmotes
  6665 | D:6      | Learned a level 4 spell: Iskenderun's Mystic Blast
  6736 | D:6      | Found a white marble altar of Elyvilon.
  6911 | D:6      | Noticed Pikel
  6962 | D:5      | Killed Pikel
  6963 | D:5      | Reached skill level 1 in Translocations
  6963 | D:5      | Reached XP level 9. HP: 34/74 MP: 1/18
  7308 | D:6      | Found a runed translucent door.
  7309 | D:6      | Noticed Crazy Yiuf
  7542 | D:6      | Killed Crazy Yiuf
  7775 | D:6      | Found a basalt altar of Yredelemnul.
  8156 | D:6      | Found a white marble altar of Elyvilon.
  8161 | D:6      | Found a shadowy altar of Dithmenos.
  8834 | D:7      | Noticed Dowan
  8834 | D:7      | Noticed Duvessa
  8854 | D:7      | Killed Dowan
  9030 | D:7      | Found a flagged portal.
  9065 | Bailey   | Entered a bailey
  9281 | Bailey   | Noticed a two-headed ogre
  9286 | Bailey   | Killed a two-headed ogre
  9287 | Bailey   | Reached XP level 10. HP: 74/81 MP: 9/19
  9886 | D:7      | Killed Duvessa
  9967 | D:7      | Found a staircase to the Ecumenical Temple.
  9976 | Temple   | Entered the Ecumenical Temple
 10029 | D:7      | Found a stormy altar of Qazlal.
 10938 | D:8      | Found a radiant altar of Vehumet.
 10972 | D:8      | Fell from the grace of Ignis
 10972 | D:8      | Became a worshipper of Vehumet
 11084 | D:8      | HP: 1/83 [fire elemental[the fiery vengeance of Ignis]
                  | (11)]
 11084 | D:8      | Mangled by a fire elemental

Illustrated notes

Levels and vault maps discovered:
D:1:      tekkud_arrival_beachfront_property, layout_rooms
D:2:      layout_basic
D:3:      layout_loops_corners, mainiacjoe_overflow_24_doors,
          shapermc_ecumenical_altar_rom_forum, serial_park_tiny_1,
          corner_web_ring, minmay_strange_pillars
D:4:      layout_basic, mainiacjoe_overflow_small_starburst
D:5:      layout_loops_ring, xom_confusion_cloud, minitemple,
          minmay_misc_feat_iff, small_statue_alley_b
D:6:      layout_layer_cave, lemuel_crystal_altar, kennysheep_little_box,
          nicolae_dithmenos_the_darkroom, chequers_serial_rivers_room_a,
          uniq_grinder, uniq_crazy_yiuf_cottage, uniq_pikel, uniq_menkaure
D:7:      layout_basic, mainiacjoe_overflow_brackets, minmay_temple_entry_tees,
          enter_bailey_4, uniq_duvessa
D:8:      layout_basic, amcnicky_altar_gilded, minmay_liquid_box
Temple:   hellmonk_temple_micro_hex

Skill      XL: |  1  2  3  4  5  6  7  8  9 10 |
---------------+-------------------------------+-----
Fighting       | 4 5 6 |  6.0
Spellcasting   | 2 3 4 5 6 7 |  7.1
Fire Magic     | 4 5 6 7 8 |  8.2
Conjurations   | 3 6 8 |  8.2
Dodging        | 1 2 3 |  3.0
Evocations     | 2 |  2.0
Translocations | 1 4 |  4.0
Long Blades    | |  3.3

Action                     |  1- 3 |  4- 6 |  7- 9 | 10-12 || total
---------------------------+-------+-------+-------+-------++-------
  Melee: Falchion          |   114 |    68 |    24 |       ||   206
         Tailslap          |     9 |     8 |     2 |     2 ||    21
         Punch             |       |     1 |     1 |       ||     2
         Quarterstaff      |       |       |     5 |     8 ||    13
  Throw: Boomerang         |       |     7 |       |       ||     7
         Dart              |       |     2 |     7 |     1 ||    10
   Cast: Scorch            |     3 |    65 |   113 |    64 ||   245
         Volatile Blastmot |       |       |     1 |       ||     1
         Iskenderun's Myst |       |       |       |     2 ||     2
 Invoke: Foxfire Swarm     |       |       |     2 |       ||     2
Ability: Breathe Acid      |       |       |    14 |     6 ||    20
    Use: Scroll            |       |     7 |     2 |     3 ||    12
         Potion            |       |       |     1 |     2 ||     3
 Armour: Skin              |    51 |    30 |    45 |    28 ||   154
  Dodge: Dodged            |    79 |    65 |    39 |    23 ||   206
